 Dungeon Crawl Stone Soup version 0.27-a0-686-gaed091b46b (webtiles) character file.

Game seed: 487426725259896222

59 Anon1729 the Sneak (level 4, 0/27 HPs)
             Began as a Kobold Brigand on Mar 20, 2021.
             Slain by a hobgoblin (4 damage)
             ... led by Robin
             ... on level 2 of the Dungeon.
             The game lasted 00:02:29 (2153 turns).

Anon1729 the Sneak (Kobold Brigand)                 Turns: 2153, Time: 00:02:29

Health: 0/27       AC:  3    Str:  8    XL:     4   Next: 22%
Magic:  4/4        EV: 15    Int: 12    God:
Gold:   69         SH:  0    Dex: 17    Spells: 3/3 levels left

rFire    . . .     SeeInvis .   a - +2 dagger
rCold    . . .     Faith    .   (shield restricted)
rNeg     . . .     Spirit   .   b - +0 robe
rPois    .         Reflect  .   (no helmet)
rElec    .         Harm     .   c - +0 cloak
rCorr    .         Rampage  .   (no gloves)
Will     .....                  (no boots)
Stlth    ++++......             (no amulet)
HPRegen  0.09/turn              (no ring)
MPRegen  0.09/turn              (no ring)

@: no status effects
A: small, no large weapons, nightstalker 3
a: no special abilities


You were on level 2 of the Dungeon.
You visited 1 branch of the dungeon, and saw 2 of its levels.

You collected 69 gold pieces.

Inventory:

Hand Weapons
 a - a +2 dagger (weapon)
Missiles
 d - 19 poisoned darts (quivered)
 e - 2 curare-tipped darts
Armour
 b - a +0 robe (worn)
 c - a +0 cloak (worn)
Jewellery
 l - a +4 ring of protection
 p - an amulet of magic regeneration
Wands
 q - a wand of acid (10)
Scrolls
 f - 2 scrolls of random uselessness {unknown}
 g - 4 scrolls of fear {unknown}
 m - a scroll of enchant armour {unknown}
Potions
 h - a potion of lignification {unknown}
 i - 2 potions of degeneration {unknown}
 j - a potion of brilliance {unknown}
 k - a potion of heal wounds {unknown}
 n - a potion of magic {unknown}
 o - a potion of attraction {unknown}


   Skills:
 + Level 2.7 Fighting
 + Level 3.4 Short Blades
 + Level 2.8 Throwing
 + Level 2.2 Dodging
 + Level 5.8 Stealth


You had 3 spell levels left.
You didn't know any spells.
Your spell library contained the following spells:

 Spells                   Type           Power      Damage    Failure   Level
 Foxfire                  Conj/Fire      0%         2x1d4     32%         1
 Cause Fear               Hex            0%         N/A       97%         4
 Dragon Form              Tmut           0%         N/A       100%        7
 Dragon's Call            Summ           0%         N/A       100%        9


Dungeon Overview and Level Annotations

Branches:
Dungeon (2/15)

Altars:

Annotations:
D:2 exclusion: orc priest


Innate Abilities, Weirdness & Mutations

You are small and have problems with some larger weapons.
You are completely attuned to the shadows.


Message History

Found a fluorescent wand.
The helpless Robin fails to defend themself.
You impale Robin!!
You kill Robin!
The goblin closely misses you. The goblin hits you.
The hobgoblin shouts!
The goblin shouts!
The goblin hits you but does no damage. The goblin hits you with a +0 club.
The hobgoblin barely misses you. The goblin hits you with a +0 club!
The hobgoblin shouts!
The goblin shouts!
The hobgoblin shouts!
You hear a shout!
The goblin hits you with a +0 club.
You see here a wand of acid (11).
q - a wand of acid (11)
The goblin hits you but does no damage. The hobgoblin hits you.
The goblin misses you. The goblin hits you with a +3 dagger.
The goblin hits you but does no damage. The hobgoblin misses you.
The hobgoblin hits you.
* * * LOW HITPOINT WARNING * * *
The goblin hits you.
* * * LOW HITPOINT WARNING * * *
The goblin misses you. The hobgoblin closely misses you.
The hobgoblin closely misses you. The hobgoblin closely misses you.
A rat comes into view.
Found 4 gold pieces.
Aiming: Corrosive Bolt
Press: ? - help, Shift-Dir - straight line, f - hobgoblin
Aim: a hobgoblin (29% to evade)
The bolt of acid misses the hobgoblin.
The bolt of acid hits the goblin!!
The goblin is splashed with acid.
The acid corrodes the goblin!
You kill the goblin!
The bolt of acid hits the goblin!
The goblin is splashed with acid.
You kill the goblin!
The bolt of acid hits the goblin!
The goblin is splashed with acid.
The acid corrodes the goblin!
You kill the goblin!
The hobgoblin hits you.
You die...

#.....gg...$............#########
###########gg...........# ##8##
##.##########.# #.# #.# ###†####
.....)..# ......†.# .....r.g#####
.$......@.... ###+###..... #.....
#..... #.....


You could see a hobgoblin and a rat.

Vanquished Creatures
  Robin (D:2)
  A gnoll (D:1)
  An adder (D:2)
  A dart slug (D:2)
  2 bats (D:1)
  A giant cockroach (D:1)
  4 hobgoblins
  4 jackals (D:1)
  2 kobolds (D:1)
  2 quokkas
  2 frilled lizards (D:1)
  6 goblins
  A rat (D:2)
28 creatures vanquished.

Notes
Turn   | Place    | Note
-------+----------+-------------------------------------------
     0 | D:1      | Anon1729 the Kobold Brigand began the quest for the Orb.
     0 | D:1      | Reached XP level 1. HP: 12/12 MP: 1/1
   144 | D:1      | Reached XP level 2. HP: 5/18 MP: 2/2
  1037 | D:1      | Reached XP level 3. HP: 22/22 MP: 3/3
  1989 | D:2      | Reached XP level 4. HP: 19/27 MP: 4/4
  2128 | D:2      | Noticed Robin
  2132 | D:2      | Killed Robin
  2153 | D:2      | Slain by a hobgoblin

Illustrated notes

Levels and vault maps discovered:
D:1:      dpeg_arrival_arbitrary_c, layout_basic, amcnicky_mini_pool_small,
          minmay_three_crescents
D:2:      layout_basic, lemuel_round_altar, nicolae_overflow_hidden_temple,
          serial_shops, shop, shop, uniq_robin

Skill      XL: |  1  2  3 |
---------------+----------+-----
Short Blades   | 3 |  3.4
Dodging        | 2 |  2.2
Fighting       | |  2.7
Throwing       | |  2.8
Stealth        | |  5.8

Action                   |  1- 3 |  4- 6 || total
-------------------------+-------+-------++-------
Melee: Dagger            |    78 |     1 ||    79
Throw: Dart              |    21 |       ||    21
Evoke: Wand              |       |     1 ||     1
 Stab: Sleeping          |     4 |     1 ||     5
Armor: Robe              |    19 |     3 ||    22
Dodge: Dodged            |    66 |     8 ||    74

Table legend: (Time is in decaauts)
 A = Elapsed time spent in this place.
 B = Non-inter-level travel time spent in this place.
 C = Inter-level travel time spent in this place.
 D = Time resting spent in this place.
 E = Time spent auto-exploring this place.
 F = Levels seen in this place.
 G = Mean time per level.
                   A        B        C        D        E       F      G
               +--------+--------+--------+--------+--------+-----+--------+
         Total |   2138 |   2119 |     19 |    638 |   1221 |   2 | 1069.0 |
       Dungeon |   2138 |   2119 |     19 |    638 |   1221 |   2 | 1069.0 |
               +--------+--------+--------+--------+--------+-----+--------+

Top non-repeatable levels by time:
     D:1: 1654 daAuts
     D:2: 484 daAuts
